[Event "Titled Tuesday Blitz February 28 Late 2023"]
[White "Fier, Alexandr"]
[Black "Atanasov, Anthony"]
[WhiteFideId "2107139"]
[BlackFideId "2623897"]
[WhiteElo "2610"]
[BlackElo "2070"]
[Result "1-0"]
[Round "05"]
[TimeControl "180+2"]
[Date "2023.02.28"]
[WhiteClock "0:02:22"]
[BlackClock "0:00:47"]

1. d4 Nf6 2. Bg5 Ne4 3. Bf4 Nc6 4. e3 d5 5. Bd3 Bf5 6. Nd2 e6 7. Bxe4 Bxe4 8. Nxe4 dxe4 9. Ne2 Bd6 10. Bg3 O-O 11. c4 Nb4 12. O-O Nd3 13. Nc3 f5 14. c5 Bxg3 15. fxg3 e5 16. dxe5 Kh8 17. g4 Qg5 18. Qe2 fxg4 19. Nxe4 Rxf1+ 20. Rxf1 Qd8 21. Rd1 1-0


[Site "https://www.chess.com"]

[Event "Titled Tuesday Blitz February 28 Late 2023"]
[White "Pham, Khoi"]
[Black "Maximov, Dmitry"]
[WhiteFideId "1054988"]
[BlackFideId "14105659"]
[WhiteElo "2561"]
[BlackElo "2494"]
[Result "0-1"]
[Round "05"]
[TimeControl "180+2"]
[Date "2023.02.28"]
[WhiteClock "0:00:03"]
[BlackClock "0:00:16"]

1. e4 c5 2. Nf3 d6 3. d4 cxd4 4. Nxd4 Nf6 5. Nc3 a6 6. h3 g6 7. Be3 Bg7 8. Qd2 h5 9. O-O-O Nbd7 10. Bc4 Qc7 11. Bb3 Nc5 12. f3 Bd7 13. g4 Nxb3+ 14. Nxb3 Bc6 15. g5 Nd7 16. Bd4 O-O 17. Bxg7 Kxg7 18. Nd5 Bxd5 19. Qxd5 Rac8 20. Rh2 Rfd8 21. f4 Nc5 22. f5 e6 23. f6+ Kg8 24. Qd4 d5 25. e5 Ne4 26. c3 a5 27. Nd2 Nc5 28. Nf3 b5 29. Kb1 Qb7 30. Qf4 b4 31. cxb4 axb4 32. Nd4 Ne4 33. Rc1 Qb6 34. Qe3 Rxc1+ 35. Kxc1 Rc8+ 36. Rc2 Rxc2+ 37. Kxc2 Qc5+ 38. Kb1 Qc4 39. Nc2 Qf1+ 40. Qe1 Qxh3 41. Nxb4 Qf5 42. Nd3 Nc5 43. Qc1 Qxd3+ 44. Ka1 Qb5 45. b3 h4 46. Kb2 Nd3+ 0-1


[Site "https://www.chess.com"]

[Event "Titled Tuesday Blitz February 28 Late 2023"]
[White "Milikow, Yoav"]
[Black "Sztokbant, Bernardo Vainzoff"]
[WhiteFideId "2822237"]
[BlackFideId "2115956"]
[WhiteElo "2410"]
[BlackElo "2222"]
[Result "1-0"]
[Round "05"]
[TimeControl "180+2"]
[Date "2023.02.28"]
[WhiteClock "0:00:16"]
[BlackClock "0:00:02"]

1. d4 Nf6 2. c4 e6 3. Nc3 d5 4. Nf3 Be7 5. cxd5 exd5 6. Bf4 c6 7. e3 Bd6 8. Bxd6 Qxd6 9. h3 O-O 10. Bd3 Re8 11. Qc2 Nbd7 12. O-O Nf8 13. a3 a5 14. Rab1 Be6 15. Rfc1 N6d7 16. Na4 g6 17. Nc5 Nxc5 18. dxc5 Qc7 19. Qc3 Nd7 20. b4 axb4 21. axb4 f6 22. Nd4 Ne5 23. Bf1 Bf7 24. Ra1 Kg7 25. b5 Qe7 26. b6 Nd7 27. Nb3 Qe5 28. Qd4 g5 29. Na5 Rab8 30. Nb3 Ra8 31. Ra7 Rxa7 32. bxa7 Ra8 33. Ra1 Bg6 34. Qb4 Qc7 35. Nd4 Kf7 36. Be2 h5 37. Qc3 Qe5 38. Ra4 Qe7 39. Ra5 Qe5 40. Qb2 Qc7 41. Qb4 Ne5 42. Ra3 Nd7 43. Nb3 b6 44. cxb6 Qxb6 45. Qxb6 Nxb6 46. Nc5 Bf5 47. Ra6 Nc4 48. Bxc4 dxc4 49. Na4 Bc8 50. Ra5 Bb7 51. Nb6 Rd8 52. Nxc4 Ke6 53. Nb6 Rd1+ 54. Kh2 Rd2 55. f3 Re2 56. e4 g4 57. hxg4 hxg4 58. fxg4 Rxe4 59. Na4 Kd6 60. Nc5 Ra4 61. Nxb7+ Kc7 62. Rxa4 Kxb7 63. a8=Q+ Kb6 64. Rc4 1-0


[Site "https://www.chess.com"]

[Event "Titled Tuesday Blitz February 28 Late 2023"]
[White "Martin Carmona, Gaston Manuel"]
[Black "Pakleza, Zbigniew"]
[WhiteFideId "22284567"]
[BlackFideId "1119290"]
[WhiteElo "2245"]
[BlackElo "2410"]
[Result "0-1"]
[Round "05"]
[TimeControl "180+2"]
[Date "2023.02.28"]
[WhiteClock "0:00:02"]
[BlackClock "0:00:02"]

1. e4 d6 2. d4 Nf6 3. Nc3 c6 4. f3 Qb6 5. Bc4 e6 6. Bb3 d5 7. e5 Nfd7 8. Be3 c5 9. Na4 Qa5+ 10. Bd2 Qc7 11. Nxc5 Nxc5 12. dxc5 Qxe5+ 13. Qe2 Qxe2+ 14. Nxe2 Bxc5 15. c4 dxc4 16. Bxc4 Nc6 17. a3 Ke7 18. Bc3 f6 19. b4 Bd6 20. Rd1 Be5 21. b5 Bxc3+ 22. Nxc3 Ne5 23. Be2 Rd8 24. f4 Rxd1+ 25. Kxd1 Ng6 26. g3 Bd7 27. Bf3 Rc8 28. Kd2 b6 29. Re1 Kf7 30. h4 Ne7 31. h5 Nf5 32. g4 Nd4 33. Be4 g6 34. a4 Nb3+ 35. Kd3 Nc5+ 36. Kd4 e5+ 37. fxe5 fxe5+ 38. Kxe5 Bxg4 39. hxg6+ hxg6 40. Bd5+ Kg7 41. Kd6 Kh6 42. Re7 Rd8+ 43. Kc7 Rf8 44. Ne4 Nxa4 45. Kb7 Bf5 46. Nd6 Nc3 47. Bc6 Bd3 48. Kxa7 Rf6 49. Nc8 Bxb5 50. Bxb5 Nxb5+ 51. Kb7 Nd4 52. Nxb6 Nf5 53. Rc7 Nd6+ 54. Kb8 Rf8+ 55. Nc8 Nxc8 0-1


[Site "https://www.chess.com"]

[Event "Titled Tuesday Blitz February 28 Late 2023"]
[White "Seletsky, Grigory"]
[Black "Boyer, Mahel"]
[WhiteFideId "14112191"]
[BlackFideId "45102422"]
[WhiteElo "2490"]
[BlackElo "2434"]
[Result "0-1"]
[Round "05"]
[TimeControl "180+2"]
[Date "2023.02.28"]
[WhiteClock "0:02:04"]
[BlackClock "0:02:19"]

1. d4 c6 2. e4 d5 3. Nc3 dxe4 4. Nxe4 Bf5 5. Ng3 Bg6 6. Nf3 Nd7 7. Ne2 Bh5 8. Nf4 Bxf3 9. Qxf3 e5 10. dxe5 Nxe5 11. Qe2 Qe7 12. Bd2 O-O-O 13. O-O-O Nf6 14. h3 g6 15. Qe3 Bh6 16. Qxa7 Rxd2 17. Rxd2 Bxf4 18. Qa8+ Kc7 19. Qxh8 Nf3 20. Bd3 Nxd2 21. Kd1 Nde4 22. Bxe4 Nxe4 23. Qd4 c5 0-1


[Site "https://www.chess.com"]

[Event "Titled Tuesday Blitz February 28 Late 2023"]
[White "Rozman, Levy"]
[Black "Mortazavi, Ali"]
[WhiteFideId "2039877"]
[BlackFideId "401323"]
[WhiteElo "2376"]
[BlackElo "2339"]
[Result "1-0"]
[Round "05"]
[TimeControl "180+2"]
[Date "2023.02.28"]
[WhiteClock "0:00:03"]
[BlackClock "0:00:01"]

1. e4 c6 2. d4 d5 3. e5 Bf5 4. h4 c5 5. dxc5 Nc6 6. g4 Bd7 7. f4 e6 8. Be3 h5 9. gxh5 d4 10. Bf2 Nh6 11. Nd2 Bxc5 12. a3 Nf5 13. Ne4 Be7 14. Nf3 Rxh5 15. Qd2 Rc8 16. O-O-O Na5 17. Kb1 Nc4 18. Bxc4 Rxc4 19. Nxd4 Nxd4 20. Bxd4 Bc6 21. Qe3 Bd5 22. b3 Rc8 23. Bb2 Qb6 24. Qe2 Qc6 25. Rxd5 Qxd5 26. Qxh5 Qxe4 27. Qh8+ Bf8 28. Rc1 Qxf4 29. a4 a6 30. Ba3 Kd7 31. Bxf8 Qxe5 32. Qxg7 Qxg7 33. Bxg7 Rg8 34. Rg1 1-0


[Site "https://www.chess.com"]

[Event "Titled Tuesday Blitz February 28 Late 2023"]
[White "Wartiovaara, Oliver"]
[Black "Beerdsen, Thomas"]
[WhiteFideId "513024"]
[BlackFideId "1030108"]
[WhiteElo "2214"]
[BlackElo "2547"]
[Result "0-1"]
[Round "05"]
[TimeControl "180+2"]
[Date "2023.02.28"]
[WhiteClock "0:00:02"]
[BlackClock "0:01:12"]

1. g3 h5 2. Nf3 h4 3. Nxh4 Rxh4 4. gxh4 e5 5. d4 Qxh4 6. dxe5 Nc6 7. Qd3 Nb4 8. Qc3 Qe4 9. Na3 Qxh1 10. Nb5 Na6 11. Nxc7+ Nxc7 12. Qxc7 Qc6 13. Qxc6 dxc6 14. Be3 Ne7 15. O-O-O Nd5 16. Bg5 f6 17. exf6 gxf6 18. Bh4 Bf5 19. e4 Bh6+ 20. Kb1 Bg4 21. Rd4 Nf4 22. Bxf6 Be6 23. e5 Kf7 24. b3 Rg8 25. Kb2 b5 26. h4 Rg1 27. Bd3 Nxd3+ 28. Rxd3 b4 29. a3 Bc1+ 30. Ka2 bxa3 31. Rg3 Rxg3 32. fxg3 Bf5 33. h5 Bxc2 34. h6 a5 35. g4 a4 36. bxa4 Be4 37. Bg7 Bd5+ 38. Kb1 a2+ 39. Ka1 Ke6 40. h7 Be3 41. Kb2 Bd4+ 42. Kc2 a1=Q 43. h8=Q Qb2+ 0-1


[Site "https://www.chess.com"]

[Event "Titled Tuesday Blitz February 28 Late 2023"]
[White "Hambleton, Aman"]
[Black "Leschinsky, Gary"]
[WhiteFideId "2606577"]
[BlackFideId "30951321"]
[WhiteElo "2511"]
[BlackElo "1855"]
[Result "0-1"]
[Round "05"]
[TimeControl "180+2"]
[Date "2023.02.28"]
[WhiteClock "0:00:01"]
[BlackClock "0:00:07"]

1. d4 Nf6 2. Bf4 d5 3. e3 c5 4. c3 Nc6 5. Nd2 cxd4 6. exd4 Bf5 7. Qb3 Qc8 8. Ngf3 e6 9. h3 h6 10. Be2 Be7 11. O-O O-O 12. Rfe1 a6 13. a4 Bd8 14. Ne5 Bc7 15. Ndf3 Rb8 16. Qa3 Ne4 17. Nxc6 bxc6 18. Bxc7 Qxc7 19. Bxa6 Qb6 20. Bd3 Qxb2 21. Qxb2 Rxb2 22. Bxe4 Bxe4 23. Ne5 Rc8 24. a5 Rb7 25. Ra3 f6 26. Ng4 Ra8 27. f3 Bf5 28. Ne3 Bg6 29. Rea1 Kf7 30. Nf1 e5 31. Nd2 Bd3 32. Nb3 Bc4 33. Nc5 Rba7 34. a6 Ke7 35. Kf2 Kd6 36. Ke3 g5 37. g3 h5 38. h4 gxh4 39. gxh4 Rg8 40. Rb1 Rg2 41. Re1 Rh2 42. Nb7+ Ke7 43. Nc5 Kd6 44. Raa1 Rxh4 45. Kf2 Rh2+ 46. Kg3 Rc2 47. Reb1 Rg7+ 48. Kh3 Rxc3 49. Rf1 Bxf1+ 50. Rxf1 Ra3 51. Kh4 exd4 52. Nb7+ Rxb7 53. axb7 Rb3 54. Kxh5 Rxb7 55. Kg6 c5 56. Kxf6 Rb8 57. f4 Rf8+ 58. Kg7 Rf5 59. Kg6 Rf8 60. Kg7 Ra8 61. f5 d3 62. f6 c4 63. f7 c3 64. Re1 Ra7 65. Kf6 Rxf7+ 66. Kxf7 d2 67. Rd1 c2 68. Rxd2 c1=Q 69. Rf2 Qg5 70. Kf8 Qh6+ 71. Kg8 Qg6+ 72. Kh8 Qh5+ 73. Kg8 Qg4+ 74. Kf8 Qg5 75. Rf7 Qh6+ 76. Kg8 Ke6 77. Rb7 Qg5+ 78. Kf8 Qf5+ 79. Kg8 Qg4+ 80. Kf8 d4 81. Re7+ Kd5 0-1


[Site "https://www.chess.com"]

[Event "Titled Tuesday Blitz February 28 Late 2023"]
[White "Ansh M Shah"]
[Black "Deac, Bogdan-Daniel"]
[WhiteFideId "25033379"]
[BlackFideId "1226380"]
[WhiteElo "2084"]
[BlackElo "2649"]
[Result "0-1"]
[Round "05"]
[TimeControl "180+2"]
[Date "2023.02.28"]
[WhiteClock "0:00:03"]
[BlackClock "0:00:06"]

1. d4 g6 2. h4 Nf6 3. c4 Nc6 4. Nc3 d6 5. e4 Bg7 6. d5 Ne5 7. Be2 h5 8. Nf3 Neg4 9. Ng5 c6 10. f3 Ne5 11. Be3 O-O 12. O-O Bd7 13. Rc1 a6 14. Qd2 b5 15. dxc6 Bxc6 16. cxb5 axb5 17. a3 Qb8 18. Na2 Qb7 19. Nb4 Bd7 20. Rc2 Rfc8 21. Rfc1 Rxc2 22. Rxc2 Rc8 23. Rxc8+ Qxc8 24. Qc1 Qb7 25. Bd4 Ne8 26. Qc3 e6 27. Nh3 Bf8 28. Nf2 Be7 29. g3 Nc6 30. Nxc6 Bxc6 31. Kg2 d5 32. e5 b4 33. axb4 Bxb4 34. Qe3 Ng7 35. Ng4 hxg4 36. fxg4 Bc5 37. h5 gxh5 38. gxh5 Bxd4 39. Qxd4 Nf5 40. Qg4+ Kf8 41. Qg5 Qxb2 42. Kf1 Qxe5 43. h6 Ne3+ 0-1


[Site "https://www.chess.com"]

[Event "Titled Tuesday Blitz February 28 Late 2023"]
[White "Aldokhin, Ivan"]
[Black "Gadimbayli, Abdulla"]
[WhiteFideId "24115720"]
[BlackFideId "13404938"]
[WhiteElo "2322"]
[BlackElo "2390"]
[Result "1-0"]
[Round "05"]
[TimeControl "180+2"]
[Date "2023.02.28"]
[WhiteClock "0:00:02"]
[BlackClock "0:00:06"]

1. e4 c5 2. Nf3 d6 3. d4 cxd4 4. Nxd4 Nf6 5. Nc3 a6 6. Bc4 e6 7. Bb3 Be7 8. Be3 O-O 9. Qe2 b5 10. O-O-O b4 11. Na4 Nxe4 12. Nb6 Qxb6 13. Nxe6 Nc5 14. Bxc5 dxc5 15. Nxf8 Bxf8 16. Bxf7+ Kxf7 17. Qf3+ Kg8 18. Qxa8 Be6 19. Rhe1 Bf7 20. Kb1 c4 21. Re3 c3 22. Rf3 Nc6 23. Rd7 Qb5 24. Rdd3 Ne5 25. Rxf7 Nxf7 26. Qd5 Qxd5 27. Rxd5 cxb2 28. Kxb2 Nd6 29. Kb3 Nb5 30. Rd8 Kf7 31. Ra8 Nd4+ 32. Kb2 Bc5 33. Rxa6 Ne6 34. f3 Bd4+ 35. Kc1 Be3+ 36. Kd1 Bg1 37. Ra4 Bc5 38. Kd2 Kf6 39. g3 Bd6 40. Ra6 Ke5 41. Ra8 Nd4 42. Kd3 Nxf3 43. Re8+ Kd5 44. Rh8 Ne5+ 45. Ke3 h6 46. Rg8 g5 47. h4 gxh4 48. gxh4 Be7 49. Rg7 Bxh4 50. Rh7 Bg5+ 51. Ke2 Kc4 52. Rc7+ Kd4 53. Rb7 Kc3 54. Rc7+ Nc4 55. Kf3 Bc1 56. Ke4 Ba3 57. Kd5 Kxc2 58. Rxc4+ Kb2 59. Rh4 Kxa2 60. Rxh6 b3 61. Rh3 Ka1 62. Rxb3 Ka2 63. Kc4 Bb2 64. Rb5 Kb1 65. Kb3 Ba1 66. Rf5 1-0


[Site "https://www.chess.com"]

[Event "Titled Tuesday Blitz February 28 Late 2023"]
[White "Koellner, Ruben Gideon"]
[Black "Alexakis, Dimitris"]
[WhiteFideId "12993093"]
[BlackFideId "4277023"]
[WhiteElo "2303"]
[BlackElo "2493"]
[Result "1-0"]
[Round "05"]
[TimeControl "180+2"]
[Date "2023.02.28"]
[WhiteClock "0:00:10"]
[BlackClock "0:00:03"]

1. d4 Nf6 2. Nf3 e6 3. Nbd2 d5 4. e3 a6 5. Bd3 b5 6. Ne5 Bb7 7. f4 c5 8. c3 Nc6 9. Qf3 Ne7 10. O-O Nf5 11. a4 b4 12. g4 Nd6 13. dxc5 bxc3 14. cxd6 cxd2 15. Bxd2 Bxd6 16. Bc3 O-O 17. Rfd1 Qe7 18. Qe2 Rfc8 19. g5 Ne4 20. Bxe4 dxe4 21. Ng4 Bd5 22. Kh1 Bxf4 23. exf4 e3+ 24. Kg1 Rc4 25. Qxe3 Re4 26. Qf2 Rc8 27. Rd4 Qb7 28. Rxe4 Bxe4 29. Qd4 f6 30. gxf6 h5 31. Nf2 Bd5 32. Re1 gxf6 33. Qxf6 Kh7 34. Re3 h4 35. Qxh4+ Kg6 36. Rg3+ Kf7 37. Rg7+ 1-0


[Site "https://www.chess.com"]

[Event "Titled Tuesday Blitz February 28 Late 2023"]
[White "Ismagilov, Damir"]
[Black "Makridis, Dimitrios"]
[WhiteFideId "34199982"]
[BlackFideId "25864475"]
[WhiteElo "2078"]
[BlackElo "2277"]
[Result "0-1"]
[Round "05"]
[TimeControl "180+2"]
[Date "2023.02.28"]
[WhiteClock "0:01:05"]
[BlackClock "0:02:33"]

1. e4 c5 2. Nf3 e6 3. g3 Nc6 4. Bg2 Nf6 5. Qe2 d5 6. exd5 Nxd5 7. O-O Be7 8. Rd1 O-O 9. d4 cxd4 10. Nxd4 Nxd4 11. Rxd4 Qb6 12. Rxd5 exd5 13. Qxe7 Bh3 14. Bxh3 Rae8 15. Qg5 Re2 16. Qe3 Rxe3 17. fxe3 d4 18. Na3 dxe3 19. Kf1 Qf6+ 20. Ke1 Qf2+ 0-1


[Site "https://www.chess.com"]

[Event "Titled Tuesday Blitz February 28 Late 2023"]
[White "Sielecki, Christof"]
[Black "Real_OceanStorm"]
[WhiteFideId "4620437"]
[WhiteElo "2443"]
[BlackElo "2771"]
[Result "0-1"]
[Round "05"]
[TimeControl "180+2"]
[Date "2023.02.28"]
[WhiteClock "0:00:01"]
[BlackClock "0:00:53"]

1. e4 e5 2. Nf3 Nc6 3. Bb5 Nf6 4. d3 a6 5. Bxc6 bxc6 6. Nxe5 Qe7 7. Nf3 d5 8. e5 Bg4 9. O-O Nd7 10. d4 O-O-O 11. Be3 c5 12. c3 Bxf3 13. Qxf3 Qe6 14. Nd2 cxd4 15. cxd4 f6 16. exf6 Nxf6 17. Rfc1 Bd6 18. Bf4 Rhf8 19. Bxd6 Qxd6 20. Nb3 Ne4 21. Qg4+ Rd7 22. Rc2 Rf4 23. Qh3 Ng5 24. Qe3 Re7 25. Qd3 Rh4 26. h3 Rhe4 27. Rcc1 Ne6 28. g3 Ng5 29. h4 Ne6 30. Nc5 Rxd4 31. Qf5 Kb8 32. Nxe6 Qxe6 33. Qf8+ Kb7 34. Qf3 Rd2 35. Rd1 Re2 36. Rxd5 Qc6 37. Rad1 Rxb2 38. R1d3 Re1+ 39. Kg2 Rc2 40. Rb3+ Ka7 41. Rd7 Qxf3+ 42. Kxf3 h5 43. a4 Rf1 44. Rxg7 Rfxf2+ 45. Ke3 Rfe2+ 46. Kd3 Rcd2+ 47. Kc3 Rc2+ 48. Kb4 Re4+ 49. Ka3 Ree2 50. Rg5 Ra2+ 51. Kb4 Re4+ 52. Kc3 Re3+ 53. Kb4 Re4+ 54. Kc3 Raxa4 55. Rxh5 Rac4+ 56. Kb2 Re2+ 57. Ka3 Rc1 58. Rb2 Re3+ 59. Ka2 Rxg3 60. Rg5 Rh3 0-1


[Site "https://www.chess.com"]

[Event "Titled Tuesday Blitz February 28 Late 2023"]
[White "Fernandez Guillen, Ernesto J."]
[Black "Djokic, Mihailo"]
[WhiteFideId "3512428"]
[BlackFideId "976440"]
[WhiteElo "2423"]
[BlackElo "2294"]
[Result "1-0"]
[Round "05"]
[TimeControl "180+2"]
[Date "2023.02.28"]
[WhiteClock "0:00:26"]
[BlackClock "0:00:06"]

1. e4 c5 2. Nf3 d6 3. d4 cxd4 4. Nxd4 Nf6 5. Nc3 g6 6. Bc4 Bg7 7. f3 O-O 8. Be3 Nc6 9. Qd2 Bd7 10. h4 Rc8 11. Bb3 h5 12. O-O-O Ne5 13. Kb1 a6 14. Bh6 Bxh6 15. Qxh6 Rxc3 16. bxc3 Qa5 17. g4 Bxg4 18. Rhg1 Qxc3 19. fxg4 Nfxg4 20. Rxg4 hxg4 21. h5 Qh3 22. Ne6 fxe6 23. Bxe6+ Rf7 24. Bxf7+ Kxf7 25. Qf4+ Ke6 26. hxg6 Qf3 27. Qf5+ Qxf5 28. exf5+ Kf6 29. Rf1 Nf3 30. Kc1 Nd4 31. Kd2 g3 32. Ke3 g2 33. Rg1 Nxf5+ 34. Ke4 Kxg6 35. Rxg2+ Kf6 36. Rh2 e6 37. Rh7 d5+ 38. Kd3 Nd6 39. Kd4 Kf5 40. Rd7 Nb5+ 41. Kd3 Ke5 42. Rxb7 Nd6 43. Rb6 a5 44. Rc6 Nc4 45. c3 Kf5 46. Kd4 Nd2 47. Ra6 Nc4 48. a4 Kf6 49. Ra8 Kf5 50. Rf8+ Kg6 51. Rf1 Kg5 52. Rf2 Kg4 53. Rf6 Nb2 54. Rxe6 Nxa4 55. Ra6 Nb2 56. Rxa5 Nc4 57. Rxd5 Nd2 58. c4 Kf4 59. c5 Nb3+ 60. Kc4 Ke4 61. Rd7 Na5+ 62. Kb5 Nb3 63. c6 1-0


[Site "https://www.chess.com"]

[Event "Titled Tuesday Blitz February 28 Late 2023"]
[White "Arencibia Monduy, Antonio"]
[Black "Garcia Ramos, Daniel"]
[WhiteFideId "3507939"]
[BlackFideId "32010311"]
[WhiteElo "2550"]
[BlackElo "2341"]
[Result "0-1"]
[Round "05"]
[TimeControl "180+2"]
[Date "2023.02.28"]
[WhiteClock "0:00:04"]
[BlackClock "0:01:18"]

1. e4 c6 2. d4 d5 3. Nc3 dxe4 4. Nxe4 Nf6 5. Nxf6+ exf6 6. Nf3 Bd6 7. Be2 O-O 8. O-O Re8 9. Re1 Bg4 10. Nd2 Bxe2 11. Rxe2 Nd7 12. Rxe8+ Qxe8 13. Nc4 Bc7 14. Bd2 Qe6 15. Qf1 Nb6 16. Nxb6 axb6 17. a3 b5 18. Qd3 Re8 19. g3 Qd5 20. Re1 Rxe1+ 21. Bxe1 h5 22. h4 g6 23. Bd2 Kg7 24. b3 f5 25. c4 bxc4 26. bxc4 Qe6 27. d5 cxd5 28. cxd5 Qd7 29. Bc3+ f6 30. Bb4 Bd6 31. Bxd6 Qxd6 32. Qb5 Qc7 33. Qd3 Qd6 34. Qb3 b6 35. a4 f4 36. gxf4 Qxf4 37. Qxb6 Qg4+ 38. Kf1 Qd1+ 39. Kg2 Qxd5+ 40. Kh2 Qe5+ 41. Kh3 Qf5+ 42. Kg2 Qg4+ 43. Kf1 Qd1+ 44. Kg2 Qxa4 45. Qc7+ Kh6 46. Qc1+ g5 47. hxg5+ fxg5 48. f3 h4 49. Qc7 Qa2+ 50. Kg1 Qe6 51. Qb7 Kg6 52. Kg2 Qe2+ 53. Kg1 h3 54. Qb6+ Kh5 55. Qf2 Qxf2+ 56. Kxf2 Kh4 0-1


[Site "https://www.chess.com"]

[Event "Titled Tuesday Blitz February 28 Late 2023"]
[White "Kleinman, Michael"]
[Black "Tan, Zhongyi"]
[WhiteFideId "2609479"]
[BlackFideId "8603642"]
[WhiteElo "2287"]
[BlackElo "2519"]
[Result "1/2-1/2"]
[Round "05"]
[TimeControl "180+2"]
[Date "2023.02.28"]
[WhiteClock "0:00:03"]
[BlackClock "0:00:04"]

1. e4 e5 2. Nf3 Nc6 3. Bb5 Nf6 4. O-O Nxe4 5. d4 Nd6 6. Bxc6 dxc6 7. dxe5 Nf5 8. Qxd8+ Kxd8 9. Nc3 Bd7 10. h3 Be7 11. Bf4 h6 12. Rad1 Kc8 13. Rd3 b6 14. g4 Nh4 15. Nxh4 Bxh4 16. Rfd1 Be6 17. Kg2 Kb7 18. b3 Rad8 19. Bg3 Be7 20. f4 g6 21. Rxd8 Rxd8 22. Rxd8 Bxd8 23. Kf3 h5 24. Ne4 hxg4+ 25. hxg4 c5 26. c4 Kc6 27. Nf2 b5 28. cxb5+ Kxb5 29. Ke4 c4 30. bxc4+ Bxc4 31. a3 Be7 32. f5 Bxa3 33. e6 gxf5+ 34. gxf5 fxe6 35. Bxc7 Bd5+ 36. Ke5 Kc6 37. Ba5 Bb2+ 38. Kf4 exf5 39. Kxf5 Kb5 40. Bd8 a5 41. Nd3 Bd4 42. Nf4 Bb3 43. Ne6 Bc3 44. Nc7+ Kc4 45. Ne6 a4 46. Be7 Bc2+ 47. Kf4 Kb3 48. Nc5+ Kb2 49. Nxa4+ Bxa4 50. Kg5 Bc2 51. Bf6 Kb3 52. Bxc3 1/2-1/2


[Site "https://www.chess.com"]

[Event "Titled Tuesday Blitz February 28 Late 2023"]
[White "Girsh, Daniel"]
[Black "Erdogdu, Mert"]
[WhiteFideId "30949190"]
[BlackFideId "6301495"]
[WhiteElo "2075"]
[BlackElo "2407"]
[Result "0-1"]
[Round "05"]
[TimeControl "180+2"]
[Date "2023.02.28"]
[WhiteClock "0:02:09"]
[BlackClock "0:01:46"]

1. d4 d5 2. c4 e6 3. Nf3 c5 4. cxd5 exd5 5. g3 Nf6 6. Bg2 Nc6 7. O-O Be7 8. dxc5 Bxc5 9. Qc2 Bb6 10. Nc3 O-O 11. Bg5 d4 12. Bxf6 Qxf6 13. Nd5 Qd8 14. Nxb6 Qxb6 15. Ng5 g6 16. Qe4 h6 17. Nf3 Bf5 18. Qf4 Kg7 19. Rad1 Rad8 20. Rd2 Rfe8 21. Rfd1 Re4 22. Nxd4 Rxf4 23. Bxc6 Rfxd4 0-1


[Site "https://www.chess.com"]

[Event "Titled Tuesday Blitz February 28 Late 2023"]
[White "Golubev, Mikhail"]
[Black "Siddharth, Jagadeesh"]
[WhiteFideId "14100983"]
[BlackFideId "5818320"]
[WhiteElo "2374"]
[BlackElo "2303"]
[Result "0-1"]
[Round "05"]
[TimeControl "180+2"]
[Date "2023.02.28"]
[WhiteClock "0:00:03"]
[BlackClock "0:01:18"]

1. e4 c5 2. Nf3 d6 3. d4 cxd4 4. Nxd4 Nf6 5. Nc3 Nc6 6. Bc4 Qb6 7. Ndb5 a6 8. Be3 Qa5 9. Nd4 e6 10. O-O Be7 11. Bb3 O-O 12. f4 Nxd4 13. Bxd4 e5 14. Be3 Ng4 15. Bd2 Qc5+ 16. Kh1 Nf2+ 17. Rxf2 Qxf2 18. Nd5 Bd8 19. Be3 Qh4 20. fxe5 dxe5 21. Qd3 Be6 22. Rf1 Bg5 23. Bf2 Qg4 24. c3 Qh5 25. c4 Rad8 26. c5 Bf4 27. g3 Bg5 28. Kg1 Bg4 29. Be3 Be2 30. Qd2 Bxe3+ 31. Qxe3 Bxf1 32. Kxf1 Kh8 33. h4 f5 34. Kg1 f4 35. gxf4 exf4 36. Nxf4 Qg4+ 37. Ng2 Rf3 38. Qe2 Rdf8 0-1


[Site "https://www.chess.com"]

[Event "Titled Tuesday Blitz February 28 Late 2023"]
[White "Lewtak, Damian"]
[Black "Mazurkiewicz, Michal"]
[WhiteFideId "1141724"]
[BlackFideId "1124943"]
[WhiteElo "2302"]
[BlackElo "2054"]
[Result "1-0"]
[Round "05"]
[TimeControl "180+2"]
[Date "2023.02.28"]
[WhiteClock "0:00:40"]
[BlackClock "0:00:04"]

1. e4 d6 2. Nf3 Nf6 3. c3 c6 4. d3 e5 5. Be2 Be7 6. O-O O-O 7. Re1 b5 8. Nbd2 Nbd7 9. Nf1 d5 10. Ng3 Re8 11. Bg5 h6 12. Bxf6 Nxf6 13. Nxe5 Qc7 14. Nf3 dxe4 15. dxe4 Bd6 16. Bd3 h5 17. Nf1 Ng4 18. h3 Ne5 19. Nxe5 Bxe5 20. Qc2 Re6 21. Ne3 Rg6 22. Nf5 Be6 23. Rad1 Re8 24. Re3 Bxf5 25. exf5 Bh2+ 26. Kh1 Rxe3 27. fxg6 Re7 28. g3 Bxg3 29. fxg3 Qxg3 30. Qg2 Qh4 31. gxf7+ Kf8 32. Bg6 Re3 33. Bf5 Rg3 34. Qe2 Rxh3+ 35. Bxh3 Qxh3+ 36. Kg1 Qg3+ 37. Kf1 Qh3+ 38. Ke1 Qg3+ 39. Kd2 Qf4+ 40. Kc2 Qf5+ 41. Qd3 Qf2+ 42. Rd2 Qxf7 43. Qd8+ 1-0


[Site "https://www.chess.com"]

[Event "Titled Tuesday Blitz February 28 Late 2023"]
[White "Skvortsov, Andrei"]
[Black "Dzida, Kamil"]
[WhiteFideId "24108600"]
[BlackFideId "21828652"]
[WhiteElo "2259"]
[BlackElo "2139"]
[Result "1/2-1/2"]
[Round "05"]
[TimeControl "180+2"]
[Date "2023.02.28"]
[WhiteClock "0:00:08"]
[BlackClock "0:00:07"]

1. e4 c5 2. Ne2 a6 3. g3 d5 4. d3 dxe4 5. dxe4 Qxd1+ 6. Kxd1 b5 7. Bg2 Bb7 8. Be3 Nf6 9. f3 e6 10. Ke1 Nbd7 11. Nd2 O-O-O 12. a4 Kc7 13. axb5 axb5 14. Kf2 Be7 15. h3 Ra8 16. Nc3 Bc6 17. Nb3 c4 18. Nd4 b4 19. Nxc6 Kxc6 20. Ne2 e5 21. f4 Bc5 22. fxe5 Bxe3+ 23. Kxe3 Nxe5 24. Nd4+ Kc5 25. Rhd1 g6 26. g4 Rhd8 27. Ne2 h6 28. Rf1 Nfd7 29. Nf4 Nb6 30. Ne2 Rxa1 31. Rxa1 Ra8 32. Rxa8 Nxa8 33. Nd4 Nc7 34. Bf1 Ne6 35. Ne2 g5 36. Ng3 Nf4 37. Nf5 h5 38. gxh5 Nxh5 39. c3 bxc3 40. bxc3 f6 41. Nd4 Nf4 42. Nf5 Ne6 43. Kf2 Nf4 44. Nd4 Ned3+ 45. Ke3 Nb2 46. Kd2 Nbd3 47. Nc2 Nf2 48. Ne3 Nxe4+ 49. Kc2 Nf2 50. Nxc4 N2xh3 51. Ne3 Nf2 52. Kd2 Ne4+ 53. Kc2 Ng3 54. Ba6 Nd5 55. Ng4 f5 56. Ne5 f4 57. Nd3+ Kd6 58. Nf2 Nf5 59. Bc8 Nfe3+ 60. Kd3 Ke5 61. c4 Ne7 62. Bd7 N7f5 63. c5 g4 64. c6 Nd6 65. c7 g3 66. Nh3 Nd5 67. c8=Q Nxc8 68. Bxc8 f3 69. Bg4 Nf4+ 70. Ke3 Nxh3 71. Kxf3 Ng5+ 72. Kxg3 1/2-1/2


[Site "https://www.chess.com"]

[Event "Titled Tuesday Blitz February 28 Late 2023"]
[White "Haydon, David L"]
[Black "Rottenwohrer Suarez, Juan"]
[WhiteFideId "415405"]
[BlackFideId "32068182"]
[WhiteElo "2326"]
[BlackElo "2174"]
[Result "1-0"]
[Round "05"]
[TimeControl "180+2"]
[Date "2023.02.28"]
[WhiteClock "0:00:48"]
[BlackClock "0:00:03"]

1. Nf3 Nf6 2. e3 g6 3. Be2 Bg7 4. O-O O-O 5. c4 c5 6. Nc3 Nc6 7. b3 Ne4 8. Bb2 Nxc3 9. dxc3 d6 10. h3 b6 11. Qc2 Bb7 12. Rad1 Qc7 13. e4 Ne5 14. Nxe5 Bxe5 15. f4 Bg7 16. Bf3 a6 17. a4 Bc6 18. Rde1 Rfb8 19. Bc1 b5 20. axb5 axb5 21. cxb5 Rxb5 22. f5 Rab8 23. fxg6 hxg6 24. Be2 R5b7 25. Bf4 Bb5 26. c4 Bc6 27. Rf3 Qa5 28. Bd2 Qa3 29. Rb1 Ra8 30. Bc3 Bxc3 31. Qxc3 Bxe4 32. Rxf7 Kxf7 33. Rf1+ Kg8 34. Bg4 Bf5 35. Bxf5 gxf5 36. Qg3+ Kh7 37. Rxf5 Qa1+ 38. Kh2 Qg7 39. Rh5+ Kg8 40. Rg5 e5 41. Rxg7+ Rxg7 42. Qf3 Rg6 43. Qxa8+ Kg7 44. Qd5 1-0


[Site "https://www.chess.com"]

[Event "Titled Tuesday Blitz February 28 Late 2023"]
[White "Fajdetic, Hrvoje"]
[Black "Vlassov, Nikolai"]
[WhiteFideId "14501945"]
[BlackFideId "4103360"]
[WhiteElo "2185"]
[BlackElo "2324"]
[Result "0-1"]
[Round "05"]
[TimeControl "180+2"]
[Date "2023.02.28"]
[WhiteClock "0:00:09"]
[BlackClock "0:01:11"]

1. d4 Nf6 2. Bf4 g6 3. Nc3 d5 4. e3 c6 5. h4 Qb6 6. Qd2 Qxb2 7. Rb1 Qa3 8. f3 h5 9. Bd3 Nbd7 10. Bc7 b5 11. Rb3 Qa6 12. Nxb5 cxb5 13. Bxb5 Qe6 14. Nh3 Bh6 15. Bf4 Bxf4 16. Nxf4 Qd6 17. c4 dxc4 18. Bxc4 e5 19. Ne2 O-O 20. Qd3 Kg7 21. g4 hxg4 22. h5 gxf3 23. h6+ Kh7 24. Ng3 exd4 25. exd4 Qxg3+ 0-1


[Site "https://www.chess.com"]